Map: Jagannatha LE

Players

TriGGeR

  • Race: Protoss Protoss
  • League: Grandmaster

Scarlett - Winner!

  • Race: Zerg Zerg

Event: DreamHack SC2 Masters 2021 Summer

VOD

Have the link to the VOD?

Description

Time

  • Played on: June 4, 2021, 5:33 p.m.
  • Length: 7:12

All games in this series

Show
View Real Time Build Order
Export as new Build Order

TriGGeR Protoss 

Build Orders:  

Get SALT Encoding   

  12  0:00  Probe  
  13  0:12  Probe  
  14  0:20  Pylon  
  14  0:24  Probe  
  15  0:38  Probe (Chrono Boost)  
  15  0:39  Gateway  
  16  0:47  Probe (Chrono Boost), Assimilator  
  17  0:52  Probe  
  18  1:04  Probe  
  19  1:11  Forge  
  19  1:15  Pylon  
  20  1:23  Pylon  
  19  1:29  Probe  
  20  1:43  Probe  
  21  1:48  Nexus  
  21  1:51  Cybernetics Core  
  21  1:55  Probe  
  21  1:57  Assimilator  
  22  2:03  Pylon  
  22  2:07  Probe  
  23  2:21  Probe (Chrono Boost)  
  24  2:25  Adept (Chrono Boost)  
  24  2:29  Warp Gate  
  27  2:31  Probe (Chrono Boost)  
  27  2:36  Probe (Chrono Boost)  
  27  2:39  Stargate  
  28  2:47  Probe  
  29  2:52  Stalker  
  31  2:58  Shield Battery  
  31  2:59  Probe  
  31  3:00  Probe  
  33  3:11  Probe  
  33  3:12  Probe  
  35  3:17  Void Ray (Chrono Boost)  
  35  3:23  Probe  
  40  3:27  Probe  
  41  3:39  Probe x2 (Chrono Boost), Pylon  
  43  3:50  Probe (Chrono Boost)  
  43  3:51  Probe (Chrono Boost), Void Ray  
  43  3:59  Nexus  
  43  4:00  Pylon  
  48  4:02  Probe  
  48  4:04  Probe  
  49  4:14  Probe, Twilight Council  
  50  4:18  Probe  
  51  4:24  Robotics Facility  
  51  4:27  Probe  
  51  4:30  Probe  
  53  4:32  Gateway  
  53  4:33  Gateway  
  53  4:35  Adept  
  55  4:39  Probe  
  55  4:43  Probe  
  57  4:50  Charge (Chrono Boost)  
  57  4:51  Probe, Gateway  
  58  4:53  Gateway  
  58  4:55  Probe  
  59  5:03  Probe  
  60  5:07  Probe  
  60  5:10  Gateway  
  60  5:11  Warp Prism (Chrono Boost)  
  62  5:15  Gateway  
  62  5:20  Pylon, Zealot  
  65  5:26  Gateway  
  65  5:28  Zealot  
  65  5:29  Zealot  
  65  5:34  Gateway  
  69  5:37  Gateway  
  69  5:43  Pylon  
  69  5:45  Zealot x2  
  73  5:50  Zealot x2  
  73  5:51  Shield Battery  
  73  5:55  Immortal (Chrono Boost)  
  77  5:59  Zealot  
  77  6:03  Pylon  
  83  6:05  Shield Battery  
  83  6:08  Zealot x2  
  83  6:09  Zealot  
  89  6:16  Zealot x2  
  93  6:22  Zealot x2  
  93  6:26  Warp Prism  
  93  6:29  Zealot x2  
  87  6:36  Zealot x3  
  85  6:44  Zealot x3  
  72  6:51  Zealot x5  
  76  6:58  Zealot  
  76  6:59  Zealot x2  
Show
View Real Time Build Order
Export as new Build Order

Scarlett Zerg - Winner!

Build Orders: Hatch First 

Get SALT Encoding   

  12  0:00  Drone  
  13  0:13  Overlord  
  13  0:16  Drone  
  14  0:31  Drone x2  
  16  0:47  Hatchery  
  15  0:51  Drone  
  15  0:54  Drone  
  17  0:58  Drone  
  18  1:08  Extractor  
  17  1:13  Spawning Pool  
  17  1:18  Drone  
  17  1:32  Drone x2  
  20  1:53  Drone, Overlord  
  21  2:00  Queen  
  23  2:04  Extractor, Zergling x2  
  23  2:11  Queen  
  23  2:14  Drone  
  26  2:18  Drone x2  
  26  2:22  Drone  
  29  2:26  Drone  
  32  2:46  Hatchery  
  32  2:47  Drone, Overlord  
  30  2:54  Queen  
  31  3:00  Drone x2  
  31  3:03  Drone  
  34  3:06  Drone  
  34  3:07  Drone  
  34  3:09  Zergling x2  
  37  3:16  Drone x3  
  40  3:21  Zergling x4  
  40  3:26  Spore Crawler  
  40  3:38  Drone x2, Overlord  
  40  3:40  Spore Crawler  
  42  3:42  Overlord  
  42  3:46  Overlord  
  42  3:49  Drone  
  42  3:55  Overlord  
  43  3:56  Queen  
  43  3:57  Metabolic Boost  
  43  4:00  Drone x2  
  47  4:06  Drone x3  
  50  4:10  Drone x3  
  50  4:14  Drone x3  
  55  4:22  Drone  
  55  4:23  Drone x2  
  55  4:24  Drone x2  
  60  4:27  Queen  
  62  4:37  Roach Warren  
  61  4:40  Extractor  
  61  4:41  Extractor x2  
  61  4:42  Queen  
  61  4:43  Drone x4  
  64  4:48  Drone, Lair  
  65  4:53  Drone x3  
  68  5:03  Overlord x3  
  68  5:11  Queen  
  70  5:14  Overlord  
  70  5:17  Roach x5  
  80  5:28  Roach x3  
  80  5:29  Roach x3  
  92  5:36  Roach x4  
  99  5:44  Ravager x3  
  99  5:45  Zergling x8  
  99  5:48  Zergling x4  
  108  5:53  Zergling x6  
  108  5:56  Overlord x3  
  110  5:59  Ravager x2  
  110  6:01  Zergling x2  
  110  6:03  Overlord  
  113  6:14  Queen  
  113  6:15  Zergling x8  
  113  6:16  Ravager x2  
  113  6:17  Overseer  
  121  6:20  Zergling x2  
  121  6:21  Zergling x2  
  121  6:23  Zergling x2  
  121  6:24  Zergling x6  
  127  6:25  Ravager  
  127  6:30  Roach  
  123  6:34  Zergling x4  
  120  6:46  Zergling x6  
  118  6:49  Ravager x3  
  118  6:53  Zergling x2, Evolution Chamber  
  120  6:56  Ravager  
  122  7:02  Hatchery  
Tags
 
Add a new tag
Caveats
  • Supply blocks, unpowered buildings, or Contaminate may cause inaccurate times.
  • Supply counts are checked every 10 seconds.